 Dungeon Crawl Stone Soup version 0.22-a0-877-g5c4e1afb51 (webtiles) character file.

6 MrRokkomies the Vexing (level 1, 0/19 HPs)
             Began as an Ogre Arcane Marksman on July 29, 2018.
             Slain by a rat (3 damage)
             ... on level 1 of the Dungeon.
             The game lasted 00:01:23 (192 turns).

MrRokkomies the Vexing (Ogre Arcane Marksman)        Turns: 192, Time: 00:01:23

Health: 0/19       AC:  3    Str: 13    XL:     1   Next: 90%
Magic:  2/2        EV: 10    Int: 14    God:
Gold:   14         SH:  0    Dex:  9    Spells: 1/2 levels left

rFire    . . .     SeeInvis .   (no weapon)
rCold    . . .     Gourm    .   (no shield)
rNeg     . . .     Faith    .   a - +0 robe
rPois    .         Spirit   .   (helmet restricted)
rElec    .         Reflect  .   (no cloak)
rCorr    .         Harm     .   (gloves unavailable)
MR       .....                  (boots unavailable)
Stlth    +.........             (no amulet)
HPRegen  0.06/turn              (no ring)
MPRegen  0.08/turn              (no ring)

@: no status effects
A: large, unfitting armour, tough skin 1
a: no special abilities


You were on level 1 of the Dungeon.
You were not hungry.

You visited 1 branch of the dungeon, and saw 1 of its levels.

You collected 14 gold pieces.

Inventory:

Missiles
 d - 2 throwing nets (quivered)
Armour
 a - a +0 robe (worn)
Scrolls
 e - a scroll of immolation {unknown}
 g - a scroll of enchant armour {unknown}
 h - a scroll of blinking {unknown}
 i - a scroll of teleportation {unknown}
Potions
 j - a potion of ambrosia {unknown}
Comestibles
 f - a ration


   Skills:
 - Level 1.3 Fighting
 * Level 2.3 Throwing
 - Level 1.7 Dodging
 - Level 1.2 Spellcasting
 * Level 2.9 Hexes


You had one spell level left.
You knew the following spells:

 Your Spells              Type           Power        Failure   Level  Hunger
a - Corona                Hex            #......      8%          1    ##.....

Your spell library contained the following spells:

 Spells                   Type           Power        Failure   Level  Hunger
 Cause Fear               Hex            #.........   61%         4    #####..
 Slow                     Hex            #.......     12%         2    ###....
 Portal Projectile        Hex/Tloc       #.....       38%         3    ####...
 Leda's Liquefaction      Hex/Erth       #.........   80%         4    #####..
 Inner Flame              Hex/Fire       #.......     38%         3    ####...


Dungeon Overview and Level Annotations

Branches:
Dungeon (1/15)

Altars:


Innate Abilities, Weirdness & Mutations

You are too large for most types of armour.
You have tough skin. (AC +1)


Message History

Press: ? - help, Shift-Dir - straight line, f/p - hobgoblin
Aim: a hobgoblin, wielding a club (moderately wounded)
You throw a large rock.
The large rock barely misses the hobgoblin.
The large rock barely misses the rat.
The hobgoblin hits you but does no damage. x2
Throwing (i - inventory. (/) - cycle)
c - a large rock (quivered)
Press: ? - help, Shift-Dir - straight line, f/p - hobgoblin
Aim: a hobgoblin, wielding a club (moderately wounded)
You throw a large rock. The large rock hits the hobgoblin!!
You kill the hobgoblin!
The bat closely misses you. The bat hits you but does no damage.
You closely miss the bat.
The bat is severely wounded.
The bat barely misses you.
You closely miss the rat. The rat completely misses you.
You completely miss the rat. The rat barely misses you.
You closely miss the rat. The rat closely misses you.
You barely miss the rat. The rat bites you.
You die...

.# #... .# # ...##
.####.# #...# ......#
#...# ##.#### #...#
.....># #...# ......#
#...# ......# #...####
......#####...##@#
................#rb..#
...............###......
................# .(.##.
.....######...##.# ###
.....# #...# ## ...#.##
#...# ##....#####...##
...............#


You could see a bat and a rat.

Vanquished Creatures
  A dart slug (D:1)
  A goblin (D:1)
  A hobgoblin (D:1)
  A rat (D:1)
4 creatures vanquished.

Notes
Turn   | Place    | Note
-------+----------+-------------------------------------------
     0 | D:1      | MrRokkomies the Ogre Arcane Marksman began the quest for the Orb.
     0 | D:1      | Reached XP level 1. HP: 19/19 MP: 2/2
   192 | D:1      | Slain by a rat

Vault maps used:
D:1:      wheals_arrival_shading

Action                   || total
-------------------------++-------
Melee: Unarmed           ||    10
Throw: Stone             ||    19
       Large rock        ||     5
Armor: Robe              ||     8
Dodge: Dodged            ||    14

Table legend:
 A = Spawn XP
 B = Non-spawn XP
 C = Spawn XP percentage of total XP
 D = Spawn monster count
 E = Non-spawn monster count
 F = Spawn count percentage of total count
 G = Total turns spent on level
                    A         B        C        D         E        F      G
               +---------+---------+-------+---------+---------+-------+---------
         Total |       0 |       9 |   0.0 |       0 |       4 |   0.0 |   192
               +---------+---------+-------+---------+---------+-------+---------
           D:1 |       0 |       9 |   0.0 |       0 |       4 |   0.0 |   192
               +---------+---------+-------+---------+---------+-------+---------
